 Dungeon Crawl Stone Soup version 0.27-a0-637-g3a9f0a9c12 (webtiles) character file.

Game seed: 17713535212915709659

30 HoaS the Insei (level 2, -6/24 HPs)
             Began as a Demigod Gladiator on Mar 14, 2021.
             Killed by nerve-wracking pain
             ... invoked by Jessica
              (9 damage)
             ... on level 2 of the Dungeon.
             The game lasted 00:02:48 (1144 turns).

HoaS the Insei (Demigod Gladiator)                  Turns: 1144, Time: 00:02:49

Health: -6/24      AC:  9    Str: 15    XL:     2   Next: 87%
Magic:  4/4        EV:  7    Int: 10    God:
Gold:   65         SH:  0    Dex: 15    Spells: 1/1 levels left

rFire    . . .     SeeInvis .     - Unarmed
rCold    . . .     Faith    .   (no shield)
rNeg     . . .     Spirit   .   h - +0 chain mail
rPois    .         Reflect  .   b - +0 helmet
rElec    .         Harm     .   (no cloak)
rCorr    .         Rampage  .   (no gloves)
Will     .....                  (no boots)
Stlth    ..........             (no amulet)
HPRegen  0.08/turn              (no ring)
MPRegen  0.09/turn              (no ring)

@: slowed, very slow
A: high mp 1, forlorn
a: no special abilities


You were on level 2 of the Dungeon.
You visited 1 branch of the dungeon, and saw 2 of its levels.

You collected 65 gold pieces.

Inventory:

Missiles
 c - 2 throwing nets (quivered)
Armour
 b - a +0 helmet (worn)
 h - a +0 chain mail (worn)
Scrolls
 f - 2 scrolls of teleportation
Potions
 a - a potion of haste {unknown}
 d - a potion of cancellation {unknown}
 e - a potion of mutation {unknown}
 g - a potion of heal wounds {unknown}


   Skills:
 - Level 1.7 Fighting
 - Level 1.7 Throwing
 - Level 2.6 Dodging
 + Level 3.8 Unarmed Combat


You had one spell level left.
You didn't know any spells.
Your spell library was empty.

Dungeon Overview and Level Annotations

Branches:
Dungeon (2/15)

Annotations:
D:2 Jessica


Innate Abilities, Weirdness & Mutations

Your attributes grow dramatically as you level up.
You have an increased reservoir of magic. (+10% MP)
You shall have no god before yourself.


Message History

You kill the goblin!
Jessica casts a spell at you. Pain shoots through your body!
Jessica casts a spell at you.
You feel yourself slow down.
You see here a +0 club.
You throw a throwing net. The throwing net hits Jessica.
Jessica is caught in the net!
Jessica struggles against the net. x2
Jessica struggles against the net.
The net rips apart, and Jessica comes free!
Jessica hits you but does no damage.
You completely miss Jessica.
Jessica gestures wildly.
Jessica zaps a wand.
The puff of flame misses you.
Jessica shouts, "You're disturbing me!
I'll have to kill you!" Jessica hits you but does no damage.
You hit Jessica.
Jessica is lightly wounded.
Jessica barely misses you. Jessica hits you but does no damage.
You closely miss Jessica.
Jessica mumbles some strange words.
Jessica blinks!
Jessica shouts, "You're disturbing me!
I'll have to kill you!"
Jessica mumbles some strange words.
Jessica blinks!
Jessica zaps a wand.
The puff of flame hits you.
Things that are here:
4 stones; a kobold corpse You are too injured to fight recklessly!
Jessica hits you but does no damage.
Jessica points at you and mumbles some strange words.
Pain shoots through your body!
* * * LOW HITPOINT WARNING * * *
Things that are here:
4 stones; a kobold corpse You closely miss Jessica.
Jessica gestures wildly while chanting.
Jessica blinks!
Jessica gestures at you while chanting. Pain shoots through your body!
You die...

.## .... ########
.....#......# #
............######.#
......(............#
#.......###$...!....
#(......#<#.#.#.###
#.#...#.#.).@...#
....#.#.#.#ยง#.#.#
..#...#.#.....@.# .
... #.#.##...## ....
#.#.##.### #.##.#
#.##.# #.##.#


You could see Jessica (fast).

Vanquished Creatures
  A dart slug (D:1)
  2 leopard geckos (D:1)
  2 giant cockroaches (D:1)
  2 hobgoblins (D:1)
  4 bats (D:1)
  3 frilled lizards (D:1)
  4 goblins
  4 kobolds
  7 rats (D:1)
29 creatures vanquished.

Vanquished Creatures (others)
  2 fungi (D:1)
2 creatures vanquished.

Grand Total: 31 creatures vanquished

Notes
Turn   | Place    | Note
-------+----------+-------------------------------------------
     0 | D:1      | HoaS the Demigod Gladiator began the quest for the Orb.
     0 | D:1      | Reached XP level 1. HP: 17/17 MP: 3/3
    90 | D:1      | Reached skill level 3 in Unarmed Combat
   379 | D:1      | Reached XP level 2. HP: 24/24 MP: 4/4
  1116 | D:2      | Noticed Jessica
  1144 | D:2      | Killed from afar by Jessica

Illustrated notes

Levels and vault maps discovered:
D:1:      dpeg_arrival_prison, layout_basic, st_stairs_4
D:2:      layout_basic, general_overflow_altar, nicolae_overflow_crystal_walls,
          serial_glass, glass_columns_a, glass_columns_b, item_on_display_a,
          item_on_display_a, item_on_display_a, feat_on_display,
          minmay_liquid_box, uniq_jessica, uniq_natasha, uniq_robin

Skill      XL: |  1 |
---------------+----+-----
Unarmed Combat | 3 |  3.8
Fighting       | |  1.7
Throwing       | |  1.7
Dodging        | |  2.6

Action                   || total
-------------------------++-------
Melee: Unarmed           ||   125
       Punch             ||     1
Throw: Throwing net      ||     1
  Use: Scroll            ||     1
Armor: Leather armour    ||    21
       Chain mail        ||    38
Dodge: Dodged            ||    59

Table legend: (Time is in decaauts)
 A = Elapsed time spent in this place.
 B = Non-inter-level travel time spent in this place.
 C = Inter-level travel time spent in this place.
 D = Time resting spent in this place.
 E = Time spent auto-exploring this place.
 F = Levels seen in this place.
 G = Mean time per level.
                   A        B        C        D        E       F      G
               +--------+--------+--------+--------+--------+-----+--------+
         Total |   1139 |   1103 |     36 |    241 |    596 |   2 |  569.5 |
       Dungeon |   1139 |   1103 |     36 |    241 |    596 |   2 |  569.5 |
               +--------+--------+--------+--------+--------+-----+--------+

Top non-repeatable levels by time:
     D:1: 1085 daAuts
     D:2: 54 daAuts
